AoeStats
← DaddyDabes

Hideout

509672661Analyzed
1v1 RM · 5d ago on Sep 27, 2026· 50m 24s· 2 players
Game mode
Random Map
Map size
Tiny (2 player)
Population
200
Speed
Normal
Resources
Standard
Victory
Conquest
Starting age
Dark Age
Ending age
Imperial Age
RankedLock teamsTeams togetherTeam positionsShared explorationLock speedFull tech treeHidden civsTurbo modeCheats
Victory
Defeat
🇨🇦 Poles · Canada
1145
+15
🇩🇪 Turks · Germany
1127
-15
TA388959
6:55 Loom
11:02 Feudal Age
11:38 Double-Bit Axe
11:35 Horse Collar
14:21 Fletching
24:17 Castle Age
22:24 Stone Mining
23:19 Gold Mining
25:12 Bloodlines
25:19 Bow Saw
25:42 Bodkin Arrow
32:33 Heavy Plow
32:49 Scale Barding Armor
33:33 Wheelbarrow
36:13 Imperial Age
34:19 Husbandry
35:53 Hand Cart
37:07 Ballistics
36:51 Padded Archer Armor
37:02 Forging
37:13 Chain Barding Armor
37:52 Thumb Ring
39:17 Two-Man Saw
39:17 Bracer
39:52 Iron Casting
40:51 Plate Barding Armor
40:32 Leather Archer Armor
41:11 Murder Holes
41:28 Fortified Wall
41:51 Parthian Tactics
43:41 Blast Furnace
45:35 Guard Tower
47:12 Bombard Tower
49:21 Ring Archer Armor
DaddyDabes
8:54 Feudal Age
9:02 Loom
9:40 Double-Bit Axe
10:59 Fletching
14:24 Horse Collar
20:36 Castle Age
20:32 Gold Mining
20:34 Stone Mining
21:22 Heavy Plow
21:45 Bow Saw
22:30 Wheelbarrow
23:03 Stone Shaft Mining
22:26 Gold Mining
25:51 Hand Cart
32:14 Imperial Age
29:13 Light Cavalry
29:51 Bodkin Arrow
29:56 Padded Archer Armor
31:46 Leather Archer Armor
31:52 Ballistics
30:57 Crossbowman
32:04 Bloodlines
31:55 Husbandry
32:19 Thumb Ring
34:13 Chemistry
36:56 Heavy Mounted Crossbowman
37:54 Bracer
39:05 Forging
38:56 Scale Mail Armor
40:05 Crop Rotation
40:42 Chain Mail Armor
41:04 Iron Casting
41:34 Light Cavalry
42:21 Scale Barding Armor
43:37 Winged Hussar
44:42 Chain Barding Armor
45:22 Blast Furnace
46:20 Lechitic Legacy
49:03 Conscription
Connection lost

Rejoining the realm…

Still unreachable

The connection could not be restored.

Session expired

The server has moved on; the page needs a fresh start.